MAA
HELENA GRIZZLIES @ SALEM MISFITS
08/21/2019
 
TOP OF THE 1ST
Helena Grizzlies batting - Pitching for Salem Misfits : RHP Craig Fawsyde
Pitching: RHP Craig Fawsyde
Batting: RHB Emílio Ortíz 0-0: Called Strike
0-1: Foul Ball, location: 2F
0-2: Strikes out swinging
Batting: RHB David Ramírez 0-0: Ball
1-0: Ball
2-0: Ball
3-0: Called Strike
3-1: Foul Ball, location: 2F
3-2: SINGLE (Line Drive, 3)
Batting: LHB Juan Hernández 0-0: Ball
1-0: Ball
2-0: Ball
3-0: Base on Balls
David Ramírez to second
Batting: RHB Pancho Salaedo 0-0: Ball
1-0: Swinging Strike
1-1: Ball
2-1: Called Strike
2-2: Reached on Error, E8 (Flyball, 8LD)
David Ramírez scores
Juan Hernández to third
Batting: LHB José Alonso 0-0: Ball
1-0: SINGLE (Line Drive, 34)
Juan Hernández scores
Pancho Salaedo to third
Runner from 3rd tries for Home, SAFE, throw made home
Batting: RHB Wilbur James 0-0: Ball
1-0: Called Strike
1-1: Ball
2-1: Ball
3-1: Called Strike
3-2: Foul Ball, location: 2F
3-2: Strikes out swinging
Batting: LHB Wilson Horton 0-0: Foul Ball, location: 2F
0-1: Swinging Strike
0-2: Ball
1-2: Strikes out swinging
Top of the 1st over - 3 run(s), 2 hit(s), 1 error(s), 1 left on base; Helena 3 - Salem 0
BOTTOM OF THE 1ST
Salem Misfits batting - Pitching for Helena Grizzlies : RHP Doruk Oyan
Pitching: RHP Doruk Oyan
Batting: RHB Steve Duncan 0-0: Called Strike
0-1: Ball
1-1: Ball
2-1: Ball
3-1: Called Strike
3-2: Strikes out swinging
Batting: RHB António Martínez 0-0: SINGLE (Groundball, 5D)
Batting: RHB Will Robinson 0-0: Ball
1-0: Called Strike
1-1: Called Strike
1-2: Foul Ball, location: 2F
1-2: Ground out 4-3 (Groundball, 4M)
António Martínez to second
Batting: RHB Alfredo Martínez 0-0: Foul Ball, location: 2F
0-1: Called Strike
0-2: Ball
1-2: Ball
2-2: Strikes out swinging
Bottom of the 1st over - 0 run(s), 1 hit(s), 0 error(s), 1 left on base; Helena 3 - Salem 0
TOP OF THE 2ND
Helena Grizzlies batting - Pitching for Salem Misfits : RHP Craig Fawsyde
Batting: LHB Rufo Flores 0-0: Ball
1-0: SINGLE (Groundball, 56)
Batting: RHB Jack Glenn 0-0: Called Strike
0-1: Fielders Choice at 2nd, 5-4 (Groundball, 56)
Batting: RHB Emílio Ortíz 0-0: Ball
1-0: Ball
2-0: Swinging Strike
2-1: Foul Ball, location: 2F
2-2: Strikes out swinging
Batting: RHB David Ramírez 0-0: Fly out, F8 (Flyball, 8RM)
Top of the 2nd over - 0 run(s), 1 hit(s), 0 error(s), 1 left on base; Helena 3 - Salem 0
BOTTOM OF THE 2ND
Salem Misfits batting - Pitching for Helena Grizzlies : RHP Doruk Oyan
Batting: RHB John Townsend 0-0: Ball
1-0: Foul Ball, location: 2F
1-1: Ball
2-1: Ball
3-1: Base on Balls
Batting: SHB Diego Chacón 0-0: Swinging Strike
0-1: Foul Ball, location: 2F
0-2: Strikes out swinging
Batting: RHB Arlen King 0-0: Called Strike
0-1: Called Strike
0-2: Strikes out swinging
Batting: SHB Emílio Gonzáles 0-0: Called Strike
0-1: Ball
1-1: SINGLE (Groundball, 4MD)
John Townsend to second
Runner from 2nd tries for 3rd, SAFE, throw made to third
Batting: SHB Arturo Romero 0-0: Swinging Strike
0-1: Swinging Strike
0-2: Ball
1-2: Foul Ball, location: 2F
1-2: Foul Ball, location: 2F
1-2: DOUBLE (Groundball, 3L)
John Townsend scores
Emílio Gonzáles to third
Batting: RHB Steve Duncan 0-0: Fly out, F4 (Popup, 4MS)
Bottom of the 2nd over - 1 run(s), 2 hit(s), 0 error(s), 2 left on base; Helena 3 - Salem 1
TOP OF THE 3RD
Helena Grizzlies batting - Pitching for Salem Misfits : RHP Craig Fawsyde
Batting: LHB Juan Hernández 0-0: Ball
1-0: Ball
2-0: Ball
3-0: Called Strike
3-1: Foul Ball, location: 2F
3-2: Base on Balls
Batting: RHB Pancho Salaedo 0-0: DOUBLE (Line Drive, 78XD)
Juan Hernández to third
Batting: LHB José Alonso 0-0: Called Strike
0-1: Ball
1-1: Ball
2-1: Foul Ball, location: 2F
2-2: Ball
3-2: Base on Balls
Batting: RHB Wilbur James 0-0: Ball
1-0: Foul Ball, location: 2F
1-1: Fly out, F4 (Line Drive, 4)
1-1: Lined into DP, 4-6 (Line Drive, 4)
Batting: LHB Wilson Horton 0-0: Ball
1-0: Foul Ball, location: 2F
1-1: Ball
2-1: Ball
3-1: Fly out, F8 (Flyball, 8RM)
Top of the 3rd over - 0 run(s), 1 hit(s), 0 error(s), 2 left on base; Helena 3 - Salem 1
BOTTOM OF THE 3RD
Salem Misfits batting - Pitching for Helena Grizzlies : RHP Doruk Oyan
Batting: RHB António Martínez 0-0: Swinging Strike
0-1: Ball
1-1: Swinging Strike
1-2: SINGLE (Groundball, 6M)
Batting: RHB Will Robinson 0-0: Called Strike
0-1: Ball
1-1: Called Strike
1-2: Foul Ball, location: 2F
1-2: Foul Ball, location: 2F
1-2: DOUBLE (Line Drive, 8RD)
António Martínez to third
Batting: RHB Alfredo Martínez 0-0: Ball
1-0: Foul Ball, location: 2F
1-1: Ground out 6-3 (Groundball, 6S)
António Martínez scores
Will Robinson to third
Batting: RHB John Townsend 0-0: Fly out, F7 (Flyball, 78M)
Runner from 3rd tags up, SCORES, no throw
Batting: SHB Diego Chacón 0-0: Ground out 4-3 (Groundball, 34)
Bottom of the 3rd over - 2 run(s), 2 hit(s), 0 error(s), 0 left on base; Helena 3 - Salem 3
TOP OF THE 4TH
Helena Grizzlies batting - Pitching for Salem Misfits : RHP Craig Fawsyde
Batting: LHB Rufo Flores 0-0: Ball
1-0: Ball
2-0: Foul Ball, location: 2F
2-1: SINGLE (Flyball, 89M)
Batting: RHB Jack Glenn 0-0: Ball
1-0: Fly out, F4 (Popup, 4)
Batting: RHB Emílio Ortíz 0-0: Swinging Strike
0-1: Ball
1-1: Swinging Strike
1-2: TRIPLE (Flyball, 78M)
Rufo Flores scores
Batting: RHB David Ramírez 0-0: Called Strike
0-1: Foul Ball, location: 2F
0-2: Ball
1-2: SINGLE (Groundball, 6MD)
Emílio Ortíz scores
Batting: LHB Juan Hernández 0-0: Called Strike
0-1: Ball
1-1: Ball
2-1: Fly out, F6 (Popup, 7S)
Batting: RHB Pancho Salaedo 0-0: Ball
1-0: Foul Ball, location: 2F
1-1: Foul Ball, location: 2F
1-2: Strikes out looking
Top of the 4th over - 2 run(s), 3 hit(s), 0 error(s), 1 left on base; Helena 5 - Salem 3
BOTTOM OF THE 4TH
Salem Misfits batting - Pitching for Helena Grizzlies : RHP Doruk Oyan
Batting: RHB Arlen King 0-0: Called Strike
0-1: Ball
1-1: Ball
2-1: Swinging Strike
2-2: Foul Ball, location: 2F
2-2: SINGLE (Line Drive, 6MD)
Batting: SHB Emílio Gonzáles 0-0: Ball
1-0: Called Strike
1-1: Foul Ball, location: 2F
1-2: Ball
2-2: Ball
3-2: Base on Balls
Arlen King to second
Batting: SHB Arturo Romero 0-0: Called Strike
0-1: Foul Ball, location: 2F
0-2: Strikes out looking
Batting: RHB Steve Duncan 0-0: Foul Ball, location: 2F
0-1: Grounds into double play, 5-4-3 (Groundball, 56)
Bottom of the 4th over - 0 run(s), 1 hit(s), 0 error(s), 1 left on base; Helena 5 - Salem 3
TOP OF THE 5TH
Helena Grizzlies batting - Pitching for Salem Misfits : RHP Craig Fawsyde
Batting: LHB José Alonso 0-0: Foul Ball, location: 2F
0-1: DOUBLE (Line Drive, 9LS)
Batting: RHB Wilbur James 0-0: Called Strike
0-1: SINGLE (Line Drive, 4MD)
José Alonso to third
Batting: LHB Wilson Horton 0-0: Ball
1-0: Foul Ball, location: 2F
1-1: Ground out 4-3 (Groundball, 34)
Wilbur James to second
Batting: LHB Rufo Flores 0-0: DOUBLE (Line Drive, 7LS)
José Alonso scores
Wilbur James scores
Pitching: RHP Sid Brown
Batting: RHB Jack Glenn 0-0: SINGLE (Groundball, 56D) (infield hit)
Rufo Flores to third
Batting: RHB Emílio Ortíz 0-0: Fly out, F7 (Flyball, 7M)
Runner from 3rd tags up, SCORES, throw made
Batting: RHB David Ramírez 0-0: Called Strike
0-1: Ball
1-1: Ball
2-1: Called Strike
2-2: Foul Ball, location: 2F
2-2: Ball
3-2: Strikes out looking
Top of the 5th over - 3 run(s), 4 hit(s), 0 error(s), 1 left on base; Helena 8 - Salem 3
BOTTOM OF THE 5TH
Salem Misfits batting - Pitching for Helena Grizzlies : RHP Doruk Oyan
Batting: RHB António Martínez 0-0: Called Strike
0-1: Foul Ball, location: 2F
0-2: Ball
1-2: Foul Ball, location: 2F
1-2: Ground out U3 (Groundball, 3)
Batting: RHB Will Robinson 0-0: Ball
1-0: Called Strike
1-1: Called Strike
1-2: Strikes out swinging
Batting: RHB Alfredo Martínez 0-0: Ball
1-0: Ground out 4-3 (Groundball, 4)
Bottom of the 5th over - 0 run(s), 0 hit(s), 0 error(s), 0 left on base; Helena 8 - Salem 3
TOP OF THE 6TH
Helena Grizzlies batting - Pitching for Salem Misfits : RHP Sid Brown
Batting: LHB Juan Hernández 0-0: Called Strike
0-1: Ball
1-1: Swinging Strike
1-2: Foul Ball, location: 2F
1-2: Ball
2-2: Strikes out swinging
Batting: RHB Pancho Salaedo 0-0: Ball
1-0: Called Strike
1-1: Called Strike
1-2: Strikes out swinging
Batting: LHB José Alonso 0-0: Ball
1-0: Foul Ball, location: 2F
1-1: Ball
2-1: Called Strike
2-2: Foul Ball, location: 2F
2-2: Strikes out swinging
Top of the 6th over - 0 run(s), 0 hit(s), 0 error(s), 0 left on base; Helena 8 - Salem 3
BOTTOM OF THE 6TH
Salem Misfits batting - Pitching for Helena Grizzlies : RHP Doruk Oyan
Batting: RHB John Townsend 0-0: Ball
1-0: Ground out 6-3 (Groundball, 6)
Batting: SHB Diego Chacón 0-0: Called Strike
0-1: Ball
1-1: Ball
2-1: Ball
3-1: Swinging Strike
3-2: Foul Ball, location: 2F
3-2: Strikes out looking
Batting: RHB Arlen King 0-0: Ball
1-0: Swinging Strike
1-1: Foul Ball, location: 2F
1-2: Ball
2-2: Strikes out swinging
Bottom of the 6th over - 0 run(s), 0 hit(s), 0 error(s), 0 left on base; Helena 8 - Salem 3
TOP OF THE 7TH
Helena Grizzlies batting - Pitching for Salem Misfits : RHP Sid Brown
Batting: RHB Wilbur James 0-0: Swinging Strike
0-1: Called Strike
0-2: Strikes out swinging
Pitching: RHP Sean LeBlanc
Batting: LHB Wilson Horton 0-0: Ball
1-0: Called Strike
1-1: Ball
2-1: Fly out, F9 (Flyball, 89D)
Batting: LHB Rufo Flores 0-0: Ball
1-0: Ball
2-0: Foul Ball, location: 2F
2-1: Swinging Strike
2-2: Foul Ball, location: 2F
2-2: Foul Ball, location: 2F
2-2: Strikes out looking
Top of the 7th over - 0 run(s), 0 hit(s), 0 error(s), 0 left on base; Helena 8 - Salem 3
BOTTOM OF THE 7TH
Salem Misfits batting - Pitching for Helena Grizzlies : RHP Doruk Oyan
Now at 3B: Enrico Díaz
Batting: SHB Emílio Gonzáles 0-0: Foul Ball, location: 2F
0-1: Ball
1-1: Fly out, F8 (Popup, 6MD)
Batting: SHB Arturo Romero 0-0: Called Strike
0-1: Ball
1-1: Ball
2-1: Foul Ball, location: 2F
2-2: Foul Ball, location: 2F
2-2: Strikes out swinging
Batting: RHB Steve Duncan 0-0: Ball
1-0: Swinging Strike
1-1: Foul Ball, location: 2F
1-2: Strikes out swinging
Bottom of the 7th over - 0 run(s), 0 hit(s), 0 error(s), 0 left on base; Helena 8 - Salem 3
TOP OF THE 8TH
Helena Grizzlies batting - Pitching for Salem Misfits : RHP Sean LeBlanc
Batting: RHB Jack Glenn 0-0: Called Strike
0-1: Ball
1-1: Ball
2-1: SINGLE (Line Drive, 89M)
Batting: RHB Emílio Ortíz 0-0: Ball
1-0: Ball
2-0: Ball
3-0: Base on Balls
Jack Glenn to second
Batting: RHB Enrico Díaz 0-0: Foul Ball, location: 2F
0-1: Foul Ball, location: 2F
0-2: Strikes out looking
Batting: LHB Juan Hernández 0-0: Called Strike
0-1: Foul Ball, location: 2F
0-2: Ball
1-2: SINGLE (Groundball, 6MD) (infield hit)
Jack Glenn to third
Emílio Ortíz to second
Batting: RHB Pancho Salaedo 0-0: Fly out, F9 (Flyball, 89M)
Batting: LHB José Alonso 0-0: Ball
1-0: Called Strike
1-1: Foul Ball, location: 2F
1-2: Ground out 4-3 (Groundball, 34)
Top of the 8th over - 0 run(s), 2 hit(s), 0 error(s), 3 left on base; Helena 8 - Salem 3
BOTTOM OF THE 8TH
Salem Misfits batting - Pitching for Helena Grizzlies : RHP Doruk Oyan
Pitching: LHP Alonso García
Batting: RHB António Martínez 0-0: Ball
1-0: Ball
2-0: Fly out, F7 (Flyball, 7D)
Batting: RHB Will Robinson 0-0: Swinging Strike
0-1: Fly out, F4 (Popup, 4M)
Batting: RHB Alfredo Martínez 0-0: Ball
1-0: Ball
2-0: Ball
3-0: Base on Balls
Batting: RHB John Townsend 0-0: Swinging Strike
0-1: Ball
1-1: Foul Ball, location: 2F
1-2: Strikes out swinging
Bottom of the 8th over - 0 run(s), 0 hit(s), 0 error(s), 1 left on base; Helena 8 - Salem 3
TOP OF THE 9TH
Helena Grizzlies batting - Pitching for Salem Misfits : RHP Sean LeBlanc
Batting: RHB Wilbur James 0-0: Ball
1-0: Ground out U3 (Groundball, 3S)
Batting: LHB Wilson Horton 0-0: Fly out, F8 (Flyball, 8RM)
Batting: LHB Rufo Flores 0-0: Foul Ball, location: 2F
0-1: Fly out, F7 (Flyball, 7D)
Top of the 9th over - 0 run(s), 0 hit(s), 0 error(s), 0 left on base; Helena 8 - Salem 3
BOTTOM OF THE 9TH
Salem Misfits batting - Pitching for Helena Grizzlies : LHP Alonso García
Batting: SHB Diego Chacón 0-0: Ground out 4-3 (Groundball, 4S)
Batting: RHB Arlen King 0-0: Called Strike
0-1: Ball
1-1: Foul Ball, location: 2F
1-2: Ground out 2-3 (Groundball, 25)
Batting: SHB Emílio Gonzáles 0-0: Swinging Strike
0-1: DOUBLE (Groundball, 3D)
Batting: SHB Arturo Romero 0-0: Ball
1-0: Ball
2-0: Fly out, F7 (Flyball, 7M)
Bottom of the 9th over - 0 run(s), 1 hit(s), 0 error(s), 1 left on base; Helena 8 - Salem 3
This league is powered by Out of the Park Baseball, the baseball management simulation game for PC, Mac and Linux
Saturday, July 25th, 2015 - OOTP Baseball 15.6 Build 34